 Dungeon Crawl Stone Soup version 0.30-a0-149-g7f746667c4 (webtiles) character file.

Game seed: 3109386364607141202

1553 purpskrrrp the Shield-Bearer (level 9, -5/69 HPs)
             Began as a Formicid Fighter on Sept 26, 2022.
             Slain by a yak (10 damage)
             ... on level 6 of the Dungeon.
             The game lasted 00:10:02 (4334 turns).

purpskrrrp the Shield-Bearer (Formicid Fighter)     Turns: 4334, Time: 00:10:03

Health: -5/69      AC: 20    Str: 23 (25) XL:     9   Next: 12%
Magic:  9/9        EV:  6    Int:  5 (8)  God:
Gold:   241        SH:  5    Dex: 11 (13) Spells: 8/8 levels left

rFire   . . .      SeeInvis +    g - +2 spear (distort)
rCold   . . .      Faith    .    c - +0 buckler
rNeg    . . .      Spirit   .    m - +0 plate armour
rPois   .          Reflect  .    (helmet unavailable)
rElec   .          Harm     .    l - scarf {+Inv}
rCorr   .          Rampage  .    (no gloves)
Will    .....                    (no boots)
Stlth   ..........               e - amulet of the acrobat
HPRegen 0.21/turn                q - +4 ring of protection
MPRegen 0.11/turn                y - +4 ring of protection

@: mighty, lethally poisoned (-5 -> -9)
A: permanent stasis, dig shafts and tunnels, antennae 3, four strong arms
a: Dig, Shaft Self, Evoke Invisibility


You were on level 6 of the Dungeon.
You visited 1 branch of the dungeon, and saw 6 of its levels.
You also visited: Sewer.

You collected 241 gold pieces.

Inventory:

Hand Weapons
 a - a +0 flail
 g - a +2 spear of distortion (weapon)
Armour
 b - a +0 scale mail
 c - a +0 buckler (worn)
 h - a +0 chain mail
 l - a scarf of invisibility (worn)
 m - a +0 plate armour (worn)
 s - a +0 troll leather armour {Pargi}
Jewellery
 e - an amulet of the acrobat (around neck)
 q - a +4 ring of protection (left hand)
 y - a +4 ring of protection (right hand)
Wands
 n - a wand of quicksilver (20)
 t - a wand of flame (13)
Scrolls
 p - 2 scrolls of identify
 r - 2 scrolls of fog
 w - a scroll of magic mapping {unknown}
 x - a scroll of teleportation
Potions
 f - 3 potions of curing
 i - 4 potions of magic
 j - a potion of degeneration
 k - a potion of lignification {unknown}
 o - a potion of haste {unknown}
 u - a potion of ambrosia {unknown}
 v - a potion of flight {unknown}


   Skills:
 + Level 6.2 Fighting
 - Level 2.0 Maces & Flails
 * Level 6.6 Polearms
 + Level 6.2 Armour
 + Level 7.6 Shields


You had 8 spell levels left.
You didn't know any spells.
Your spell library contained the following spells:

 Spells                   Type           Power      Damage    Failure   Level
 Shock                    Conj/Air       0%         1d3       100%        1
 Ensorcelled Hibernation  Hex/Ice        0%         N/A       100%        2
 Spider Form              Tmut/Pois      0%         N/A       100%        3
 Airstrike                Air            0%         2d(0-16)  100%        4
 Anguish                  Hex/Necr       0%         N/A       100%        4
 Cause Fear               Hex            0%         N/A       100%        4
 Dragon Form              Tmut           0%         N/A       100%        7
 Dragon's Call            Summ           0%         N/A       100%        9
 Swiftness                Air            Unusable   N/A       N/A         3

Dungeon Overview and Level Annotations

Branches:
Dungeon (6/15)              Sewer (visited)
 Temple: D:4-7

Altars:
Ashenzari
Xom


Innate Abilities, Weirdness & Mutations

You cannot be hasted, slowed, berserked, paralysed or teleported.
You can dig through walls and to a lower floor.
You have a pair of large antennae on your head. (SInv)
Your four strong arms can wield two-handed weapons with a shield.


Message History

The adder attacks as you move away! You block the adder's attack.
The necrophage attacks as you move away!
The necrophage hits you but does no damage.
The adder completely misses you.
You feel very mighty all of a sudden. The adder bites you.
You are poisoned.
The adder poisons you! You block the necrophage's attack.
You block the yak's attack.
You barely miss the adder.
You feel sick. The adder bites you but does no damage.
The necrophage hits you but does no damage.
The yak closely misses you.
You closely miss the adder.
You feel sick. The adder bites you.
You are more poisoned.
The adder poisons you!
You puncture the adder!
You kill the adder!
You feel sick.
The necrophage hits you but does no damage.
The yak gores you.
You puncture the necrophage!
Space warps around the necrophage.
The necrophage is severely damaged.
You feel sick.
The necrophage hits you but does no damage.
The yak gores you but does no damage. x2
You puncture the necrophage!
Space warps around the necrophage.
You destroy the necrophage!
You feel sick. The yak gores you!
* * * LOW HITPOINT WARNING * * *
The yak gores you but does no damage.
It was a potion of degeneration.
There was something very wrong with that liquid.
You feel weakened.
You feel dopey.
You feel clumsy.
You feel sick. The ice beast hits you.
* * * LOW HITPOINT WARNING * * *
The ice beast freezes you!
* * * LOW HITPOINT WARNING * * *
The yak gores you!
You die...

#.....##.........#
#................
#..........<.....
#>..............#
###..#..##..# ..
##.......##..###...
##........##.†......
#.<........#Y..#...
#..........@Yl......
#.........#.Y...###.
#..............##
#..........#......
##......../#...###
........$##...#
.........##.#.#
....... ...#


You could see 2 yaks, an ice beast and an iguana.

Vanquished Creatures
  A wyvern (D:5)
  2 yaks (D:6)
  Pargi (Sewer)
  A gnoll sergeant (D:4)
  4 scorpions
  2 necrophages (D:6)
  A howler monkey (D:4)
  A jelly (D:4)
  An orc priest (D:4)
  Terence (D:3)
  An iguana (D:5)
  An orc wizard (D:4)
  Robin (D:3)
  7 gnolls
  6 adders
  A shadow imp (D:5)
  An ufetubus (D:4)
  3 worms
  11 dart slugs
  18 orcs
  6 bats
  3 endoplasms
  4 giant cockroaches
  17 goblins
  9 hobgoblins
  A jackal (Sewer)
  13 quokkas
  3 frilled lizards
  2 kobolds
  3 rats
126 creatures vanquished.

Notes
Turn   | Place    | Note
-------+----------+-------------------------------------------
     0 | D:1      | purpskrrrp the Formicid Fighter began the quest for the
                  | Orb.
     0 | D:1      | Reached XP level 1. HP: 18/18 MP: 1/1
   413 | D:1      | Reached XP level 2. HP: 24/24 MP: 2/2
   789 | D:2      | Reached XP level 3. HP: 29/29 MP: 3/3
   797 | D:2      | Reached skill level 1 in Polearms
  1324 | D:3      | Reached XP level 4. HP: 35/35 MP: 4/4
  1332 | D:3      | Noticed Robin
  1348 | D:3      | Killed Robin
  1563 | D:3      | Reached skill level 5 in Shields
  1563 | D:3      | Reached XP level 5. HP: 42/42 MP: 5/5
  2066 | D:3      | Noticed Terence
  2073 | D:3      | Found a faded altar of an unknown god.
  2079 | D:3      | Killed Terence
  2234 | D:4      | Reached XP level 6. HP: 41/48 MP: 6/6
  2511 | D:4      | Reached XP level 7. HP: 26/55 MP: 7/7
  2759 | D:4      | Found a glowing drain.
  2779 | Sewer    | Entered a sewer
  2875 | Sewer    | Noticed Pargi
  2887 | Sewer    | Killed Pargi
  2888 | Sewer    | Reached skill level 6 in Shields
  3078 | D:4      | Reached skill level 5 in Armour
  3342 | D:4      | Found a broken altar of Ashenzari.
  3364 | D:4      | Reached skill level 5 in Fighting
  3457 | D:4      | Found a shimmering altar of Xom.
  3626 | D:5      | Entered Level 5 of the Dungeon
  3643 | D:5      | Reached XP level 8. HP: 62/62 MP: 8/8
  3657 | D:5      | Reached skill level 5 in Polearms
  3810 | D:5      | Noticed a wyvern
  3814 | D:5      | Killed a wyvern
  4013 | D:5      | Reached skill level 7 in Shields
  4304 | D:6      | Noticed a yak
  4309 | D:6      | Noticed a yak
  4312 | D:6      | Noticed a yak
  4314 | D:6      | Killed a yak
  4314 | D:6      | Noticed a yak
  4326 | D:6      | Killed a yak
  4327 | D:6      | Reached XP level 9. HP: 47/69 MP: 9/9
  4334 | D:6      | Slain by a yak

Illustrated notes

Levels and vault maps discovered:
D:1:      dpeg_arrival_tiny_a, layout_loops_cross, feat_on_display
D:2:      layout_basic, minmay_three_crescents
D:3:      layout_basic, shapermc_ecumenical_altar_venn,
          hangedman_abyss_or_decor_stabs, uniq_terence, uniq_robin
D:4:      layout_rooms, tgw_xom, nicolae_overflow_crystal_walls,
          portal_sewer_entry_f, serial_glass, glass_columns_c, glass_columns_c,
          minmay_goblin_outpost
D:5:      kennysheep_slugbush, layout_cave_pools
D:6:      layout_rooms, mainiacjoe_overflow_alcove_1,
          minmay_temple_entry_gardened_gates

Skill      XL: |  1  2  3  4  5  6  7  8 |
---------------+-------------------------+-----
Polearms       | 1 2 3 4 6 |  6.6
Shields        | 5 6 7 |  7.6
Armour         | 4 5 6 |  6.2
Fighting       | 4 5 6 |  6.2
Maces & Flails | |  2.0

Action                   |  1- 3 |  4- 6 |  7- 9 || total
-------------------------+-------+-------+-------++-------
Melee: Spear             |    67 |   135 |   179 ||   381
       Flail             |     5 |       |       ||     5
  Use: Scroll            |     4 |       |     6 ||    10
       Potion            |       |       |     2 ||     2
Armor: Scale mail        |     2 |       |       ||     2
       Chain mail        |     1 |       |       ||     1
       Plate armour      |    20 |    60 |   113 ||   193
Dodge: Dodged            |    18 |    37 |    76 ||   131
Block: Buckler           |    12 |    31 |    44 ||    87

Table legend: (Time is in decaauts)
 A = Elapsed time spent in this place.
 B = Non-inter-level travel time spent in this place.
 C = Inter-level travel time spent in this place.
 D = Time resting spent in this place.
 E = Time spent auto-exploring this place.
 F = Levels seen in this place.
 G = Mean time per level.
                   A        B        C        D        E       F      G
               +--------+--------+--------+--------+--------+-----+--------+
         Total |   4333 |   4087 |    246 |    517 |   2729 |   7 |  619.0 |
       Dungeon |   4163 |   3917 |    246 |    486 |   2664 |   6 |  693.8 |
         Sewer |    169 |    169 |      0 |     31 |     64 |   1 |  169.0 |
               +--------+--------+--------+--------+--------+-----+--------+

Top non-repeatable levels by time:
     D:4: 1241 daAuts
     D:3: 1005 daAuts
     D:1: 740 daAuts
     D:5: 654 daAuts
     D:2: 480 daAuts
   Sewer: 169 daAuts
     D:6: 40 daAuts
